Red Wings vs Canadiens
(R1)
Created - 30 octobre 2012 at 21:25
Simulating a Pre-Season
Goals
|
Red Wings |
4 |
1 |
1 |
6 |
Canadiens |
3 |
0 |
1 |
4 |
|
Shots
|
Red Wings |
10 |
6 |
6 |
22 |
Canadiens |
20 |
13 |
13 |
46 |
|
1st period
1. Red Wings , Milan Michalek 1 (Antti Miettinen, Martin Straka) at 4:29 (PP)
2. Red Wings , Martin Straka 1 (Antti Miettinen, Kim Johnsson) at 4:59
3. Canadiens , Patrick Eaves 1 (Robert Nilsson, Duncan Keith) at 6:29
4. Red Wings , Jason Spezza 1 (Jarome Iginla) at 9:36
5. Red Wings , Jarome Iginla 1 (Jason Spezza, Sean Bergenheim) at 11:28
6. Canadiens , Mark Recchi 1 (Tyler Arnason, Duncan Keith) at 16:18 (PP)
7. Canadiens , Viktor Kozlov 1 (Donald Brashear) at 19:49
Penalties :
Éric Desjardins (Mon) for Interference (Minor) at 3:24, Brian Sutherby (Det) for Tripping (Minor) at 15:22
2nd period
8. Red Wings , Jan Bulis 1 (Branislav Mezei) at 1:38 (SH)
Penalties :
Brian Sutherby (Det) for Interference (Minor) at 0:46, Tomas Holmstrom (Mon) for Holding (Minor) at 5:55, Sean Bergenheim (Det) for Hooking (Minor) at 5:55, Paul Martin (Det) for Roughing (Minor) at 14:29
3rd period
9. Red Wings , Jason Spezza 2 (Brian Pothier) at 3:12
10. Canadiens , Mark Recchi 2 (Ryan Bayda, Eric Cairns) at 19:48 (PP)
Penalties :
Sean Bergenheim (Det) for Head-butting (Major / Game Misconduct) at 4:17, Mark Recchi (Mon) for Slashing (Minor) at 6:05, Maxim Kondratiev (Det) for Hooking (Minor) at 6:05, Milan Michalek (Det) for Hooking (Minor) at 17:52
Goalie Stats
Mike Smith (Det), 42 saves from 46 shots - (0,913), W, 1-0-0, 60:00 minutes
Kari Lehtonen (Mon), 6 saves from 10 shots - (0,600), 11:28 minutes
Mikael Tellqvist (Mon), 10 saves from 12 shots - (0,833), L, 0-1-0, 48:32 minutes
Players Stats for Red Wings
Player Name G A P +/- PIM S H SB GA TA FO MP PP MP PK MP
------------------------------------------------------------------------------------
Antti Miettinen 0 2 2 1 0 6 0 1 0 1 0/0 16:45 0:39 0:00
Branislav Mezei 0 1 1 1 0 0 0 2 0 1 0/0 22:11 0:00 7:26
Brian Pothier 0 1 1 0 0 0 1 0 0 0 0/0 13:33 0:21 0:34
Brian Sutherby 0 0 0 0 4 1 0 0 0 0 4/6 12:43 0:00 1:19
Jan Bulis 1 0 1 1 0 1 1 1 0 0 2/5 11:53 0:00 3:11
Jarome Iginla 1 1 2 1 0 3 0 0 4 0 0/1 21:38 0:26 6:31
Jason Spezza 2 1 3 1 0 4 3 1 2 1 16/30 21:46 0:26 6:50
Johnny Oduya 0 0 0 0 0 1 2 1 1 3 0/0 20:23 0:21 4:13
Kim Johnsson 0 1 1 2 0 0 2 1 0 0 0/0 24:34 0:44 4:00
Lubos Bartecko 0 0 0 0 0 0 1 0 1 0 0/0 10:39 0:00 0:00
Marcel Hossa 0 0 0 0 0 0 2 1 0 0 0/0 12:05 0:00 0:31
Martin Straka 1 1 2 1 0 2 3 0 0 1 8/19 16:04 0:39 0:00
Mathieu Dandenault 0 0 0 1 0 0 1 1 0 0 1/1 8:54 0:00 3:11
Maxim Kondratiev 0 0 0 1 2 0 1 1 0 0 0/0 18:06 0:00 6:26
Milan Michalek 1 0 1 1 2 4 2 1 1 0 0/0 15:05 0:39 0:00
Paul Martin 0 0 0 2 2 0 0 4 1 0 0/0 20:09 0:44 1:04
Peter Schaefer 0 0 0 0 0 0 0 0 0 0 0/0 6:28 0:00 0:00
Sean Bergenheim 0 1 1 1 17 0 3 0 0 1 0/0 11:10 0:26 0:00
Players Stats for Canadiens
Player Name G A P +/- PIM S H SB GA TA FO MP PP MP PK MP
------------------------------------------------------------------------------------
Alexandre Daigle 0 0 0 1 0 0 0 0 0 0 0/0 8:11 0:37 0:00
Alexei Yashin 0 0 0 -1 0 1 2 0 0 1 1/4 12:04 0:37 0:00
Donald Brashear 0 1 1 1 0 4 0 0 1 0 0/0 8:31 0:10 0:39
Duncan Keith 0 2 2 -2 0 7 5 0 1 2 0/0 28:58 5:34 1:05
Eric Cairns 0 1 1 -1 0 0 3 4 0 2 0/0 22:36 4:35 1:05
Éric Desjardins 0 0 0 0 2 1 2 0 1 0 0/0 13:40 1:20 0:00
Marek Svatos 0 0 0 -1 0 2 1 0 0 0 0/0 11:50 0:00 0:26
Mark Recchi 2 0 2 -3 2 2 1 1 0 0 1/2 16:42 4:42 0:00
Matt Carle 0 0 0 -3 0 4 1 1 0 0 0/0 27:02 7:13 0:00
Patrick Eaves 1 0 1 0 0 3 3 1 0 0 1/3 21:36 4:30 0:00
Robert Nilsson 0 1 1 0 0 3 1 0 2 2 17/32 22:54 4:30 0:39
Ryan Bayda 0 1 1 -3 0 2 1 0 2 1 0/1 17:05 4:43 0:00
Ryane Clowe 0 0 0 -1 0 0 2 2 0 0 0/0 11:00 0:00 0:00
Shane O'Brien 0 0 0 0 0 1 1 1 0 0 0/0 14:07 0:35 0:00
Tomas Holmstrom 0 0 0 0 2 8 0 0 0 2 0/1 21:24 5:07 0:00
Tyler Arnason 0 1 1 -3 0 3 1 0 0 0 10/18 18:48 4:43 0:26
Tyler Sloan 0 0 0 0 0 1 0 0 0 0 0/0 11:54 0:13 0:00
Viktor Kozlov 1 0 1 1 0 4 1 0 1 0 1/1 6:32 0:00 0:00
3 Stars
1 - Jason Spezza (Det)
2 - Martin Straka (Det)
3 - Jarome Iginla (Det)
Power Play
Red Wings - 1 on 1 Attempt(s) - 100,00%
Canadiens - 2 on 5 Attempt(s) - 40,00%
Penalty Kill
Red Wings - 3 on 5 Attempt(s) - 60,00%
- Score 1 goal in Penalty Kill
Canadiens - 0 on 1 Attempt(s) - 0,00%
- Score 0 goal in Penalty Kill
Official
Referees : Unknown
Linesman : Unknown
Game Notes
Mikael Tellqvist enters game at 11:28 of 1st period
Éric Desjardins is injured at 17:46 of 2nd period (Sprained Right Ankle)
Sean Bergenheim ejected from game at 4:17 of 3rd period
Red Wings
5 vs 5 Forward
Center Left Wing Right Wing Time % Phy DF OF
1 Jason Spezza Sean Bergenheim Jarome Iginla 37 1 1 3
2 Martin Straka Milan Michalek Antti Miettinen 33 1 1 3
3 Brian Sutherby Marcel Hossa Lubos Bartecko 23 1 2 2
4 Jan Bulis Peter Schaefer Mathieu Dandenault 7 1 3 1
5 vs 5 Defense
Defense Defense Time % Phy DF OF
1 Kim Johnsson Paul Martin 35 1 2 2
2 Johnny Oduya Branislav Mezei 35 1 2 2
3 Brian Pothier Maxim Kondratiev 25 1 2 2
4 Kim Johnsson Paul Martin 5 1 2 2
PowerPlay Forward
Center Left Wing Right Wing Time % Phy DF OF
1 Jason Spezza Sean Bergenheim Jarome Iginla 50 1 1 3
2 Martin Straka Milan Michalek Antti Miettinen 50 1 1 3
PowerPlay Defense
Defense Defense Time % Phy DF OF
1 Kim Johnsson Paul Martin 50 1 1 3
2 Johnny Oduya Brian Pothier 50 1 1 3
Penalty Kill 4 Players Forward
Center Wing Time % Phy DF OF
1 Jason Spezza Jarome Iginla 60 1 3 1
2 Jan Bulis Mathieu Dandenault 40 1 3 1
Penalty Kill 4 Players Defense
Defense Defense Time % Phy DF OF
1 Branislav Mezei Maxim Kondratiev 60 1 3 1
2 Kim Johnsson Johnny Oduya 40 1 3 1
Penalty Kill - 3 Players Forward
Forward Time % Phy DF OF
1 Jason Spezza 60 1 4 0
2 Jarome Iginla 40 1 4 0
Penalty Kill - 3 Players Defense
Defense Defense Time % Phy DF OF
1 Branislav Mezei Maxim Kondratiev 60 1 4 0
2 Kim Johnsson Johnny Oduya 40 1 4 0
4 vs 4 Forward
Center Wing Time % Phy DF OF
1 Jason Spezza Jarome Iginla 60 1 1 3
2 Martin Straka Antti Miettinen 40 1 1 3
4 vs 4 Defense
Defense Defense Time % Phy DF OF
1 Kim Johnsson Paul Martin 50 1 2 2
2 Johnny Oduya Branislav Mezei 50 1 2 2
Last Minutes Offensive
Center Left Wing Right Wing Defense Defense
Jason Spezza Sean Bergenheim Jarome Iginla Kim Johnsson Paul Martin
Last Minutes Defensive
Center Left Wing Right Wing Defense Defense
Jason Spezza Peter Schaefer Jarome Iginla Branislav Mezei Maxim Kondratiev
Goaltenders
Starting : Mike Smith
Backup : Jonathan Quick
Extra Forwards
Normal : Jan Bulis, Peter Schaefer, Mathieu Dandenault - PP : Marcel Hossa, Brian Sutherby - PK : Brian Sutherby
Extra Defensemen
Normal : Maxim Kondratiev, Brian Pothier, Branislav Mezei - PP : Branislav Mezei - PK : Paul Martin, Brian Pothier
Penalty Shots
Jarome Iginla, Antti Miettinen, Jason Spezza, Brian Sutherby, Peter Schaefer
Canadiens
5 vs 5 Forward
Center Left Wing Right Wing Time % Phy DF OF
1 Robert Nilsson Tomas Holmstrom Patrick Eaves 40 1 2 2
2 Tyler Arnason Ryan Bayda Mark Recchi 30 1 2 2
3 Alexei Yashin Ryane Clowe Marek Svatos 20 1 2 2
4 Viktor Kozlov Donald Brashear Alexandre Daigle 10 1 2 2
5 vs 5 Defense
Defense Defense Time % Phy DF OF
1 Duncan Keith Éric Desjardins 40 1 2 2
2 Matt Carle Eric Cairns 30 1 2 2
3 Shane O'Brien Tyler Sloan 20 1 2 2
4 Duncan Keith Éric Desjardins 10 1 2 2
PowerPlay Forward
Center Left Wing Right Wing Time % Phy DF OF
1 Robert Nilsson Tomas Holmstrom Patrick Eaves 60 1 2 2
2 Tyler Arnason Ryan Bayda Mark Recchi 40 1 2 2
PowerPlay Defense
Defense Defense Time % Phy DF OF
1 Duncan Keith Matt Carle 60 1 2 2
2 Éric Desjardins Eric Cairns 40 1 2 2
Penalty Kill 4 Players Forward
Center Wing Time % Phy DF OF
1 Robert Nilsson Donald Brashear 60 1 2 2
2 Tyler Arnason Marek Svatos 40 1 2 2
Penalty Kill 4 Players Defense
Defense Defense Time % Phy DF OF
1 Éric Desjardins Eric Cairns 60 1 2 2
2 Duncan Keith Tyler Sloan 40 1 2 2
Penalty Kill - 3 Players Forward
Forward Time % Phy DF OF
1 Robert Nilsson 60 1 2 2
2 Tyler Arnason 40 1 2 2
Penalty Kill - 3 Players Defense
Defense Defense Time % Phy DF OF
1 Duncan Keith Matt Carle 60 1 2 2
2 Eric Cairns Éric Desjardins 40 1 2 2
4 vs 4 Forward
Center Wing Time % Phy DF OF
1 Robert Nilsson Patrick Eaves 60 1 2 2
2 Tyler Arnason Marek Svatos 40 1 2 2
4 vs 4 Defense
Defense Defense Time % Phy DF OF
1 Duncan Keith Matt Carle 60 1 2 2
2 Éric Desjardins Eric Cairns 40 1 2 2
Last Minutes Offensive
Center Left Wing Right Wing Defense Defense
Robert Nilsson Tomas Holmstrom Patrick Eaves Duncan Keith Matt Carle
Last Minutes Defensive
Center Left Wing Right Wing Defense Defense
Robert Nilsson Ryan Bayda Mark Recchi Duncan Keith Éric Desjardins
Goaltenders
Starting : Kari Lehtonen
Backup : Mikael Tellqvist
Extra Forwards
Normal : Robert Nilsson, Tyler Arnason, Patrick Eaves - PP : Robert Nilsson, Patrick Eaves - PK : Marek Svatos
Extra Defensemen
Normal : Duncan Keith, Éric Desjardins, Matt Carle - PP : Matt Carle - PK : Éric Desjardins, Duncan Keith
Penalty Shots
Alexei Yashin, Robert Nilsson, Mark Recchi, Tomas Holmstrom, Viktor Kozlov
% Time on Ice - Red Wings
Lines # - Real PCT - Wanted PCT - Time Play
Normal Forward
1 - 33% - 37% - 14:58
2 - 33% - 33% - 14:47
3 - 24% - 23% - 10:39
4 - 10% - 7% - 4:43
Normal Defense
1 - 38% - 35% - 17:03
2 - 36% - 35% - 16:27
3 - 24% - 25% - 10:52
4 - 2% - 5% - 0:45
PP Forward
1 - 40% - 50% - 0:26
2 - 60% - 50% - 0:39
PP Defense
1 - 68% - 50% - 0:44
2 - 32% - 50% - 0:21
PK Forward
1 - 67% - 60% - 6:33
2 - 33% - 40% - 3:17
PK Defense
1 - 65% - 60% - 6:24
2 - 35% - 40% - 3:26
PK3 Forward
1 - 81% - 60% - 1:36
2 - 19% - 40% - 0:23
PK3 Defense
1 - 71% - 60% - 1:25
2 - 29% - 40% - 0:34
44 Forward
1 - 69% - 60% - 1:22
2 - 31% - 40% - 0:37
44 Defense
1 - 0% - 50% - 0:00
2 - 100% - 50% - 1:59
Last Minute Offensive - 0:00
Last Minute Defensive - 0:00
Total
Forward - 60:00
Defense - 60:00
|
% Time on Ice - Canadiens
Lines # - Real PCT - Wanted PCT - Time Play
Normal Forward
1 - 37% - 40% - 16:31
2 - 27% - 30% - 12:11
3 - 24% - 20% - 10:48
4 - 12% - 10% - 5:37
Normal Defense
1 - 44% - 40% - 19:57
2 - 29% - 30% - 13:03
3 - 19% - 20% - 8:31
4 - 8% - 10% - 3:36
PP Forward
1 - 52% - 60% - 5:07
2 - 48% - 40% - 4:43
PP Defense
1 - 46% - 60% - 4:30
2 - 54% - 40% - 5:20
PK Forward
1 - 60% - 60% - 0:39
2 - 40% - 40% - 0:26
PK Defense
1 - 100% - 60% - 1:05
2 - 0% - 40% - 0:00
PK3 Forward
1 - 0% - 60%
2 - 0% - 40%
PK3 Defense
1 - 0% - 60%
2 - 0% - 40%
44 Forward
1 - 85% - 60% - 3:22
2 - 15% - 40% - 0:36
44 Defense
1 - 24% - 60% - 0:57
2 - 76% - 40% - 3:01
Last Minute Offensive - 0:00
Last Minute Defensive - 0:00
Total
Forward - 60:00
Defense - 60:00
|
Play by Play
1st period
0:01 of 1st period - Robert Nilsson wins face-off versus Jason Spezza in neutral zone.
0:31 of 1st period - Slapshot by Ryan Bayda.
0:31 of 1st period - Stopped by Mike Smith without a rebound.
0:32 of 1st period - Tyler Arnason wins face-off versus Brian Sutherby in Red Wings zone.
0:37 of 1st period - Snap shot by Mark Recchi.
0:37 of 1st period - Shot Blocked by Branislav Mezei.
1:01 of 1st period - Wrist shot by Ryan Bayda.
1:01 of 1st period - Stopped by Mike Smith without a rebound.
1:02 of 1st period - Martin Straka wins face-off versus Alexei Yashin in Red Wings zone.
3:18 of 1st period - Peter Schaefer is hit by Éric Desjardins and loses puck.
3:24 of 1st period - Minor Penalty to Éric Desjardins for Interference.
3:25 of 1st period - Jason Spezza wins face-off versus Robert Nilsson in Canadiens zone.
3:31 of 1st period - Icing by Sean Bergenheim.
3:32 of 1st period - Jason Spezza wins face-off versus Robert Nilsson in Red Wings zone.
4:03 of 1st period - Snap shot by Antti Miettinen.
4:03 of 1st period - Deflect By Milan Michalek.
4:03 of 1st period - Stopped by Kari Lehtonen without a rebound.
4:04 of 1st period - Tyler Arnason wins face-off versus Martin Straka in Canadiens zone.
4:27 of 1st period - Slapshot by Antti Miettinen.
4:27 of 1st period - Deflect By Milan Michalek.
4:27 of 1st period - Stopped by Kari Lehtonen with a rebound.
4:29 of 1st period - Snap shot by Milan Michalek.
4:29 of 1st period - Goal by Milan Michalek - Red Wings : 1 - Canadiens : 0.
4:30 of 1st period - Jason Spezza wins face-off versus Robert Nilsson in neutral zone.
4:59 of 1st period - Slapshot by Martin Straka.
4:59 of 1st period - Goal by Martin Straka - Red Wings : 2 - Canadiens : 0.
5:00 of 1st period - Robert Nilsson wins face-off versus Martin Straka in neutral zone.
5:03 of 1st period - Antti Miettinen is hit by Patrick Eaves and loses puck.
5:46 of 1st period - Wrist shot by Lubos Bartecko.
5:46 of 1st period - Shot Blocked by Eric Cairns.
5:48 of 1st period - Slapshot by Maxim Kondratiev.
5:48 of 1st period - Deflect By Lubos Bartecko.
5:48 of 1st period - Deflect By Eric Cairns.
5:48 of 1st period - Shot Blocked by Eric Cairns.
5:48 of 1st period - Puck is out of play.
5:49 of 1st period - Alexei Yashin wins face-off versus Martin Straka in Canadiens zone.
6:29 of 1st period - Snap shot by Patrick Eaves.
6:29 of 1st period - Goal by Patrick Eaves - Red Wings : 2 - Canadiens : 1.
6:30 of 1st period - Mark Recchi wins face-off versus Martin Straka in neutral zone.
6:37 of 1st period - Wrist shot by Milan Michalek.
6:37 of 1st period - Deflect By Antti Miettinen.
6:37 of 1st period - Stopped by Kari Lehtonen without a rebound.
6:38 of 1st period - Martin Straka wins face-off versus Tyler Arnason in Canadiens zone.
7:42 of 1st period - Snap shot by Jarome Iginla.
7:42 of 1st period - Stopped by Kari Lehtonen without a rebound.
7:43 of 1st period - Robert Nilsson wins face-off versus Brian Sutherby in Canadiens zone.
9:09 of 1st period - Maxim Kondratiev is hit by Viktor Kozlov and loses puck.
9:22 of 1st period - Wrist shot by Jason Spezza.
9:22 of 1st period - Stopped by Kari Lehtonen without a rebound.
9:23 of 1st period - Jason Spezza wins face-off versus Robert Nilsson in Canadiens zone.
9:34 of 1st period - Slapshot by Jason Spezza.
9:34 of 1st period - Shot Blocked by Matt Carle.
9:36 of 1st period - Snap shot by Jason Spezza.
9:36 of 1st period - Goal by Jason Spezza - Red Wings : 3 - Canadiens : 1.
9:37 of 1st period - Martin Straka wins face-off versus Robert Nilsson in neutral zone.
9:40 of 1st period - Slapshot by Paul Martin.
9:40 of 1st period - Shot Hit the Post.
10:11 of 1st period - Wrist shot by Tyler Arnason.
10:11 of 1st period - Stopped by Mike Smith with a rebound.
10:32 of 1st period - Slapshot by Mark Recchi.
10:32 of 1st period - Shot Misses the Net.
11:00 of 1st period - Wrist shot by Jarome Iginla.
11:00 of 1st period - Shot Blocked by Mark Recchi.
11:02 of 1st period - Snap shot by Sean Bergenheim.
11:02 of 1st period - Shot Misses the Net.
11:24 of 1st period - Backhand shot by Jason Spezza.
11:24 of 1st period - Stopped by Kari Lehtonen with a rebound.
11:26 of 1st period - Wrist shot by Sean Bergenheim.
11:26 of 1st period - Shot Misses the Net.
11:28 of 1st period - Snap shot by Jason Spezza.
11:28 of 1st period - Deflect By Jarome Iginla.
11:28 of 1st period - Goal by Jarome Iginla - Red Wings : 4 - Canadiens : 1.
11:28 of 1st period - Mikael Tellqvist enters game.
11:29 of 1st period - Robert Nilsson wins face-off versus Martin Straka in neutral zone.
11:38 of 1st period - Wrist shot by Martin Straka.
11:38 of 1st period - Shot Blocked by Eric Cairns.
11:40 of 1st period - Wrist shot by Milan Michalek.
11:40 of 1st period - Shot Misses the Net.
11:42 of 1st period - Wrist shot by Milan Michalek.
11:42 of 1st period - Shot Misses the Net.
11:44 of 1st period - Wrist shot by Antti Miettinen.
11:44 of 1st period - Shot Blocked by Eric Cairns.
12:13 of 1st period - Peter Schaefer is hit by Eric Cairns and loses puck.
12:20 of 1st period - Snap shot by Donald Brashear.
12:20 of 1st period - Stopped by Mike Smith with a rebound.
12:22 of 1st period - Wrist shot by Viktor Kozlov.
12:22 of 1st period - Stopped by Mike Smith with a rebound.
12:24 of 1st period - Slapshot by Matt Carle.
12:24 of 1st period - Shot Misses the Net.
12:34 of 1st period - Tyler Sloan is hit by Maxim Kondratiev and loses puck.
12:55 of 1st period - Maxim Kondratiev is hit by Alexei Yashin and loses puck.
13:10 of 1st period - Shane O'Brien is hit by Johnny Oduya.
13:38 of 1st period - Robert Nilsson is hit by Sean Bergenheim and loses puck.
13:49 of 1st period - Kim Johnsson is hit by Tyler Arnason and loses puck.
14:08 of 1st period - Wrist shot by Alexei Yashin.
14:08 of 1st period - Shot Misses the Net.
15:22 of 1st period - Minor Penalty to Brian Sutherby for Tripping.
15:23 of 1st period - Robert Nilsson wins face-off versus Jason Spezza in Red Wings zone.
15:28 of 1st period - Snap shot by Patrick Eaves.
15:28 of 1st period - Stopped by Mike Smith without a rebound.
15:29 of 1st period - Robert Nilsson wins face-off versus Jason Spezza in Red Wings zone.
15:34 of 1st period - Snap shot by Patrick Eaves.
15:34 of 1st period - Stopped by Mike Smith with a rebound.
15:36 of 1st period - Snap shot by Tomas Holmstrom.
15:36 of 1st period - Stopped by Mike Smith without a rebound.
15:37 of 1st period - Robert Nilsson wins face-off versus Jason Spezza in Red Wings zone.
15:44 of 1st period - Slapshot by Tomas Holmstrom.
15:44 of 1st period - Stopped by Mike Smith with a rebound.
15:46 of 1st period - Slapshot by Matt Carle.
15:46 of 1st period - Stopped by Mike Smith without a rebound.
15:47 of 1st period - Robert Nilsson wins face-off versus Jason Spezza in Red Wings zone.
16:18 of 1st period - Snap shot by Mark Recchi.
16:18 of 1st period - Goal by Mark Recchi - Red Wings : 4 - Canadiens : 2.
16:19 of 1st period - Robert Nilsson wins face-off versus Martin Straka in neutral zone.
16:46 of 1st period - Mark Recchi is hit by Jason Spezza.
17:10 of 1st period - Branislav Mezei is hit by Ryane Clowe.
17:28 of 1st period - Slapshot by Tomas Holmstrom.
17:28 of 1st period - Stopped by Mike Smith without a rebound.
17:29 of 1st period - Jan Bulis wins face-off versus Patrick Eaves in Red Wings zone.
18:12 of 1st period - Slapshot by Patrick Eaves.
18:12 of 1st period - Deflect By Robert Nilsson.
18:12 of 1st period - Stopped by Mike Smith with a rebound.
18:14 of 1st period - Slapshot by Duncan Keith.
18:14 of 1st period - Shot Blocked by Paul Martin.
18:16 of 1st period - Snap shot by Tomas Holmstrom.
18:16 of 1st period - Shot Blocked by Mathieu Dandenault.
18:18 of 1st period - Snap shot by Duncan Keith.
18:18 of 1st period - Shot Blocked by Paul Martin.
18:22 of 1st period - Slapshot by Tomas Holmstrom.
18:22 of 1st period - Stopped by Mike Smith with a rebound.
18:30 of 1st period - Snap shot by Tomas Holmstrom.
18:30 of 1st period - Shot Blocked by Paul Martin.
18:32 of 1st period - Slapshot by Éric Desjardins.
18:32 of 1st period - Stopped by Mike Smith with a rebound.
18:34 of 1st period - Wrist shot by Robert Nilsson.
18:34 of 1st period - Deflect By Patrick Eaves.
18:34 of 1st period - Shot Misses the Net.
18:34 of 1st period - Puck is out of play.
18:35 of 1st period - Martin Straka wins face-off versus Tyler Arnason in Red Wings zone.
18:35 of 1st period - Martin Straka is hit by Eric Cairns.
18:49 of 1st period - Snap shot by Mark Recchi.
18:49 of 1st period - Shot Blocked by Milan Michalek.
18:51 of 1st period - Slapshot by Matt Carle.
18:51 of 1st period - Deflect By Mark Recchi.
18:51 of 1st period - Deflect By Milan Michalek.
18:51 of 1st period - Shot Misses the Net.
18:51 of 1st period - Puck is out of play.
18:52 of 1st period - Jason Spezza wins face-off versus Alexei Yashin in Red Wings zone.
18:52 of 1st period - Jason Spezza is hit by Ryane Clowe.
19:41 of 1st period - Snap shot by Eric Cairns.
19:41 of 1st period - Deflect By Donald Brashear.
19:41 of 1st period - Stopped by Mike Smith with a rebound.
19:43 of 1st period - Wrist shot by Viktor Kozlov.
19:43 of 1st period - Stopped by Mike Smith without a rebound.
19:44 of 1st period - Viktor Kozlov wins face-off versus Jarome Iginla in Red Wings zone.
19:47 of 1st period - Snap shot by Donald Brashear.
19:47 of 1st period - Stopped by Mike Smith with a rebound.
19:49 of 1st period - Snap shot by Viktor Kozlov.
19:49 of 1st period - Goal by Viktor Kozlov - Red Wings : 4 - Canadiens : 3.
19:50 of 1st period - Robert Nilsson wins face-off versus Martin Straka in neutral zone.
2nd period
0:01 of 2nd period - Martin Straka wins face-off versus Robert Nilsson in neutral zone.
0:10 of 2nd period - Robert Nilsson is hit by Milan Michalek and loses puck.
0:25 of 2nd period - Tyler Arnason is hit by Sean Bergenheim and loses puck.
0:35 of 2nd period - Off-side.
0:36 of 2nd period - Brian Sutherby wins face-off versus Robert Nilsson in neutral zone.
0:46 of 2nd period - Minor Penalty to Brian Sutherby for Interference.
0:47 of 2nd period - Robert Nilsson wins face-off versus Jason Spezza in Red Wings zone.
0:58 of 2nd period - Snap shot by Robert Nilsson.
0:58 of 2nd period - Deflect By Patrick Eaves.
0:58 of 2nd period - Shot Blocked by Maxim Kondratiev.
0:58 of 2nd period - Puck is out of play.
0:59 of 2nd period - Robert Nilsson wins face-off versus Jason Spezza in Red Wings zone.
1:00 of 2nd period - Slapshot by Matt Carle.
1:00 of 2nd period - Shot Misses the Net.
1:02 of 2nd period - Slapshot by Matt Carle.
1:02 of 2nd period - Stopped by Mike Smith with a rebound.
1:32 of 2nd period - Duncan Keith is hit by Mathieu Dandenault.
1:38 of 2nd period - Wrist shot by Jan Bulis.
1:38 of 2nd period - Goal by Jan Bulis - Red Wings : 5 - Canadiens : 3.
1:39 of 2nd period - Jason Spezza wins face-off versus Robert Nilsson in neutral zone.
2:04 of 2nd period - Jarome Iginla is hit by Duncan Keith and loses puck.
2:46 of 2nd period - Penalty to Brian Sutherby is over, Brian Sutherby is back on ice.
2:55 of 2nd period - Snap shot by Martin Straka.
2:55 of 2nd period - Stopped by Mikael Tellqvist with a rebound.
4:36 of 2nd period - Lubos Bartecko is hit by Duncan Keith and loses puck.
5:05 of 2nd period - Snap shot by Marek Svatos.
5:05 of 2nd period - Shot Misses the Net.
5:09 of 2nd period - Snap shot by Alexei Yashin.
5:09 of 2nd period - Shot Misses the Net.
5:11 of 2nd period - Slapshot by Duncan Keith.
5:11 of 2nd period - Stopped by Mike Smith with a rebound.
5:13 of 2nd period - Slapshot by Duncan Keith.
5:13 of 2nd period - Stopped by Mike Smith with a rebound.
5:15 of 2nd period - Snap shot by Matt Carle.
5:15 of 2nd period - Stopped by Mike Smith with a rebound.
5:40 of 2nd period - Slapshot by Duncan Keith.
5:40 of 2nd period - Deflect By Lubos Bartecko.
5:40 of 2nd period - Stopped by Mike Smith with a rebound.
5:54 of 2nd period - Off-side.
5:55 of 2nd period - Jason Spezza wins face-off versus Patrick Eaves in neutral zone.
5:55 of 2nd period - Minor Penalty to Tomas Holmstrom for Holding.
5:55 of 2nd period - Minor Penalty to Sean Bergenheim for Hooking.
5:56 of 2nd period - Robert Nilsson wins face-off versus Jason Spezza in neutral zone.
6:01 of 2nd period - Jason Spezza is hit by Éric Desjardins.
6:39 of 2nd period - Tyler Arnason is hit by Martin Straka and loses puck.
7:55 of 2nd period - Penalty to Tomas Holmstrom is over, Tomas Holmstrom is back on ice.
7:55 of 2nd period - Penalty to Sean Bergenheim is over, Sean Bergenheim is back on ice.
8:21 of 2nd period - Wrist shot by Peter Schaefer.
8:21 of 2nd period - Shot Misses the Net.
8:31 of 2nd period - Wrist shot by Viktor Kozlov.
8:31 of 2nd period - Stopped by Mike Smith with a rebound.
8:33 of 2nd period - Snap shot by Viktor Kozlov.
8:33 of 2nd period - Shot Misses the Net.
8:35 of 2nd period - Slapshot by Tyler Sloan.
8:35 of 2nd period - Deflect By Tomas Holmstrom.
8:35 of 2nd period - Stopped by Mike Smith with a rebound.
8:37 of 2nd period - Wrist shot by Viktor Kozlov.
8:37 of 2nd period - Shot Blocked by Jan Bulis.
8:39 of 2nd period - Wrist shot by Tomas Holmstrom.
8:39 of 2nd period - Stopped by Mike Smith with a rebound.
8:41 of 2nd period - Snap shot by Donald Brashear.
8:41 of 2nd period - Shot Misses the Net.
8:43 of 2nd period - Snap shot by Tomas Holmstrom.
8:43 of 2nd period - Deflect By Donald Brashear.
8:43 of 2nd period - Shot Blocked by Antti Miettinen.
8:43 of 2nd period - Puck is out of play.
8:44 of 2nd period - Mathieu Dandenault wins face-off versus Tyler Arnason in Red Wings zone.
8:50 of 2nd period - Johnny Oduya is hit by Duncan Keith and loses puck.
11:17 of 2nd period - Icing by Branislav Mezei.
11:18 of 2nd period - Jason Spezza wins face-off versus Alexei Yashin in Red Wings zone.
11:29 of 2nd period - Slapshot by Johnny Oduya.
11:29 of 2nd period - Stopped by Mikael Tellqvist without a rebound.
11:30 of 2nd period - Martin Straka wins face-off versus Robert Nilsson in Canadiens zone.
11:41 of 2nd period - Wrist shot by Antti Miettinen.
11:41 of 2nd period - Stopped by Mikael Tellqvist with a rebound.
11:43 of 2nd period - Snap shot by Antti Miettinen.
11:43 of 2nd period - Shot Misses the Net.
11:45 of 2nd period - Wrist shot by Martin Straka.
11:45 of 2nd period - Shot Blocked by Shane O'Brien.
12:41 of 2nd period - Slapshot by Maxim Kondratiev.
12:41 of 2nd period - Deflect By Milan Michalek.
12:41 of 2nd period - Shot Blocked by Ryane Clowe.
12:41 of 2nd period - Puck is out of play.
12:42 of 2nd period - Robert Nilsson wins face-off versus Martin Straka in Canadiens zone.
12:42 of 2nd period - Robert Nilsson is hit by Martin Straka.
13:00 of 2nd period - Wrist shot by Milan Michalek.
13:00 of 2nd period - Stopped by Mikael Tellqvist with a rebound.
13:02 of 2nd period - Slapshot by Johnny Oduya.
13:02 of 2nd period - Shot Misses the Net.
13:04 of 2nd period - Slapshot by Johnny Oduya.
13:04 of 2nd period - Shot Misses the Net.
13:28 of 2nd period - Éric Desjardins is hit by Martin Straka and loses puck.
13:35 of 2nd period - Slapshot by Duncan Keith.
13:35 of 2nd period - Stopped by Mike Smith with a rebound.
13:37 of 2nd period - Slapshot by Matt Carle.
13:37 of 2nd period - Stopped by Mike Smith with a rebound.
13:55 of 2nd period - Icing by Martin Straka.
13:56 of 2nd period - Martin Straka wins face-off versus Mark Recchi in Red Wings zone.
14:29 of 2nd period - Minor Penalty to Paul Martin for Roughing.
14:30 of 2nd period - Jason Spezza wins face-off versus Tyler Arnason in Red Wings zone.
15:14 of 2nd period - Slapshot by Duncan Keith.
15:14 of 2nd period - Deflect By Kim Johnsson.
15:14 of 2nd period - Stopped by Mike Smith without a rebound.
15:15 of 2nd period - Jan Bulis wins face-off versus Robert Nilsson in Red Wings zone.
16:29 of 2nd period - Penalty to Paul Martin is over, Paul Martin is back on ice.
16:31 of 2nd period - Paul Martin is hit by Mark Recchi.
16:37 of 2nd period - Mathieu Dandenault is hit by Ryan Bayda and loses puck.
17:08 of 2nd period - Tyler Sloan is hit by Kim Johnsson and loses puck.
17:29 of 2nd period - Snap shot by Lubos Bartecko.
17:29 of 2nd period - Shot Blocked by Ryane Clowe.
17:31 of 2nd period - Wrist shot by Brian Sutherby.
17:31 of 2nd period - Stopped by Mikael Tellqvist without a rebound.
17:32 of 2nd period - Brian Sutherby wins face-off versus Tomas Holmstrom in Canadiens zone.
17:45 of 2nd period - Éric Desjardins is hit by Lubos Bartecko and loses puck.
17:46 of 2nd period - Éric Desjardins from Canadiens is injured at 17:46 of 2nd period (Sprained Right Ankle).
17:47 of 2nd period - Jason Spezza wins face-off versus Robert Nilsson in Canadiens zone.
17:58 of 2nd period - Wrist shot by Robert Nilsson.
17:58 of 2nd period - Shot Misses the Net.
18:00 of 2nd period - Slapshot by Duncan Keith.
18:00 of 2nd period - Stopped by Mike Smith without a rebound.
18:01 of 2nd period - Jason Spezza wins face-off versus Tyler Arnason in Red Wings zone.
18:16 of 2nd period - Mark Recchi is hit by Jason Spezza and loses puck.
18:36 of 2nd period - Snap shot by Antti Miettinen.
18:36 of 2nd period - Shot Blocked by Patrick Eaves.
19:22 of 2nd period - Patrick Eaves is hit by Kim Johnsson and loses puck.
19:30 of 2nd period - Icing by Matt Carle.
19:31 of 2nd period - Robert Nilsson wins face-off versus Jason Spezza in Canadiens zone.
19:42 of 2nd period - Wrist shot by Robert Nilsson.
19:42 of 2nd period - Stopped by Mike Smith with a rebound.
19:44 of 2nd period - Snap shot by Tomas Holmstrom.
19:44 of 2nd period - Shot Misses the Net.
19:46 of 2nd period - Slapshot by Tomas Holmstrom.
19:46 of 2nd period - Shot Misses the Net.
19:48 of 2nd period - Snap shot by Patrick Eaves.
19:48 of 2nd period - Shot Blocked by Jason Spezza.
19:58 of 2nd period - Snap shot by Patrick Eaves.
19:58 of 2nd period - Shot Misses the Net.
3rd period
0:01 of 3rd period - Jason Spezza wins face-off versus Tyler Arnason in neutral zone.
0:51 of 3rd period - Ryane Clowe is hit by Marcel Hossa and loses puck.
1:26 of 3rd period - Wrist shot by Antti Miettinen.
1:26 of 3rd period - Stopped by Mikael Tellqvist without a rebound.
1:27 of 3rd period - Martin Straka wins face-off versus Ryan Bayda in Canadiens zone.
1:28 of 3rd period - Snap shot by Antti Miettinen.
1:28 of 3rd period - Stopped by Mikael Tellqvist with a rebound.
2:03 of 3rd period - Antti Miettinen is hit by Duncan Keith.
2:12 of 3rd period - Milan Michalek is hit by Duncan Keith.
2:44 of 3rd period - Snap shot by Tomas Holmstrom.
2:44 of 3rd period - Deflect By Tyler Arnason.
2:44 of 3rd period - Stopped by Mike Smith without a rebound.
2:45 of 3rd period - Brian Sutherby wins face-off versus Tyler Arnason in Red Wings zone.
3:12 of 3rd period - Wrist shot by Jason Spezza.
3:12 of 3rd period - Goal by Jason Spezza - Red Wings : 6 - Canadiens : 3.
3:13 of 3rd period - Jason Spezza wins face-off versus Tyler Arnason in neutral zone.
3:18 of 3rd period - Mark Recchi is hit by Sean Bergenheim and loses puck.
3:39 of 3rd period - Martin Straka is hit by Robert Nilsson and loses puck.
3:46 of 3rd period - Snap shot by Tomas Holmstrom.
3:46 of 3rd period - Stopped by Mike Smith with a rebound.
4:12 of 3rd period - Snap shot by Marek Svatos.
4:12 of 3rd period - Stopped by Mike Smith without a rebound.
4:13 of 3rd period - Tyler Arnason wins face-off versus Jason Spezza in Red Wings zone.
4:17 of 3rd period - Major / Game Misconduct Penalty to Sean Bergenheim for Head-butting.
4:17 of 3rd period - Sean Bergenheim is ejected from game.
4:18 of 3rd period - Robert Nilsson wins face-off versus Jason Spezza in Red Wings zone.
4:19 of 3rd period - Snap shot by Patrick Eaves.
4:19 of 3rd period - Shot Misses the Net.
6:05 of 3rd period - Minor Penalty to Mark Recchi for Slashing.
6:05 of 3rd period - Minor Penalty to Maxim Kondratiev for Hooking.
6:06 of 3rd period - Jason Spezza wins face-off versus Robert Nilsson in Canadiens zone.
6:58 of 3rd period - Johnny Oduya is hit by Patrick Eaves and loses puck.
7:49 of 3rd period - Johnny Oduya is hit by Marek Svatos.
8:05 of 3rd period - Penalty to Mark Recchi is over, Mark Recchi is back on ice.
8:05 of 3rd period - Penalty to Maxim Kondratiev is over, Maxim Kondratiev is back on ice.
8:43 of 3rd period - Johnny Oduya is hit by Alexei Yashin and loses puck.
9:05 of 3rd period - Tomas Holmstrom is hit by Jan Bulis and loses puck.
9:16 of 3rd period - Slapshot by Donald Brashear.
9:16 of 3rd period - Shot Blocked by Marcel Hossa.
9:17 of 3rd period - Penalty to Sean Bergenheim is over, Antti Miettinen is send on ice.
9:22 of 3rd period - Wrist shot by Alexei Yashin.
9:22 of 3rd period - Shot Misses the Net.
9:34 of 3rd period - Wrist shot by Alexei Yashin.
9:34 of 3rd period - Shot Blocked by Kim Johnsson.
9:36 of 3rd period - Snap shot by Tomas Holmstrom.
9:36 of 3rd period - Shot Misses the Net.
9:50 of 3rd period - Wrist shot by Antti Miettinen.
9:50 of 3rd period - Stopped by Mikael Tellqvist with a rebound.
9:52 of 3rd period - Slapshot by Kim Johnsson.
9:52 of 3rd period - Shot Misses the Net.
9:54 of 3rd period - Snap shot by Antti Miettinen.
9:54 of 3rd period - Stopped by Mikael Tellqvist without a rebound.
9:55 of 3rd period - Tyler Arnason wins face-off versus Jan Bulis in Canadiens zone.
9:55 of 3rd period - Tyler Arnason is hit by Brian Pothier.
10:06 of 3rd period - Mathieu Dandenault is hit by Eric Cairns.
10:33 of 3rd period - Marek Svatos is hit by Milan Michalek and loses puck.
10:50 of 3rd period - Slapshot by Jarome Iginla.
10:50 of 3rd period - Stopped by Mikael Tellqvist without a rebound.
10:51 of 3rd period - Tyler Arnason wins face-off versus Jason Spezza in Canadiens zone.
11:36 of 3rd period - Snap shot by Robert Nilsson.
11:36 of 3rd period - Shot Misses the Net.
12:09 of 3rd period - Ryan Bayda is hit by Jason Spezza and loses puck.
12:22 of 3rd period - Kim Johnsson is hit by Shane O'Brien and loses puck.
13:22 of 3rd period - Ryane Clowe is hit by Johnny Oduya and loses puck.
13:56 of 3rd period - Icing by Duncan Keith.
13:57 of 3rd period - Tyler Arnason wins face-off versus Jason Spezza in Canadiens zone.
14:32 of 3rd period - Slapshot by Tyler Sloan.
14:32 of 3rd period - Deflect By Mark Recchi.
14:32 of 3rd period - Shot Misses the Net.
14:32 of 3rd period - Puck is out of play.
14:33 of 3rd period - Tyler Arnason wins face-off versus Martin Straka in Red Wings zone.
14:34 of 3rd period - Wrist shot by Ryan Bayda.
14:34 of 3rd period - Shot Misses the Net.
14:36 of 3rd period - Backhand shot by Tyler Sloan.
14:36 of 3rd period - Stopped by Mike Smith without a rebound.
14:37 of 3rd period - Tyler Arnason wins face-off versus Martin Straka in Red Wings zone.
14:48 of 3rd period - Snap shot by Tyler Arnason.
14:48 of 3rd period - Stopped by Mike Smith with a rebound.
14:50 of 3rd period - Snap shot by Shane O'Brien.
14:50 of 3rd period - Stopped by Mike Smith without a rebound.
14:51 of 3rd period - Robert Nilsson wins face-off versus Jan Bulis in Red Wings zone.
15:06 of 3rd period - Snap shot by Tomas Holmstrom.
15:06 of 3rd period - Stopped by Mike Smith without a rebound.
15:07 of 3rd period - Tyler Arnason wins face-off versus Martin Straka in Red Wings zone.
15:14 of 3rd period - Slapshot by Tyler Arnason.
15:14 of 3rd period - Shot Misses the Net.
15:32 of 3rd period - Jarome Iginla is hit by Patrick Eaves and loses puck.
15:57 of 3rd period - Marek Svatos is hit by Marcel Hossa and loses puck.
16:24 of 3rd period - Wrist shot by Donald Brashear.
16:24 of 3rd period - Stopped by Mike Smith without a rebound.
16:25 of 3rd period - Patrick Eaves wins face-off versus Jason Spezza in Red Wings zone.
16:32 of 3rd period - Snap shot by Robert Nilsson.
16:32 of 3rd period - Stopped by Mike Smith without a rebound.
16:33 of 3rd period - Jason Spezza wins face-off versus Robert Nilsson in Red Wings zone.
17:00 of 3rd period - Backhand shot by Alexei Yashin.
17:00 of 3rd period - Stopped by Mike Smith with a rebound.
17:02 of 3rd period - Wrist shot by Ryane Clowe.
17:02 of 3rd period - Shot Misses the Net.
17:04 of 3rd period - Snap shot by Marek Svatos.
17:04 of 3rd period - Stopped by Mike Smith with a rebound.
17:06 of 3rd period - Slapshot by Duncan Keith.
17:06 of 3rd period - Shot Misses the Net.
17:08 of 3rd period - Snap shot by Duncan Keith.
17:08 of 3rd period - Stopped by Mike Smith with a rebound.
17:10 of 3rd period - Wrist shot by Duncan Keith.
17:10 of 3rd period - Shot Blocked by Paul Martin.
17:20 of 3rd period - Paul Martin is hit by Matt Carle and loses puck.
17:51 of 3rd period - Snap shot by Patrick Eaves.
17:51 of 3rd period - Shot Blocked by Johnny Oduya.
17:52 of 3rd period - Minor Penalty to Milan Michalek for Hooking.
17:53 of 3rd period - Jason Spezza wins face-off versus Robert Nilsson in Red Wings zone.
18:08 of 3rd period - Snap shot by Robert Nilsson.
18:08 of 3rd period - Shot Blocked by Branislav Mezei.
18:34 of 3rd period - Icing by Mark Recchi.
18:35 of 3rd period - Tyler Arnason wins face-off versus Jan Bulis in Canadiens zone.
19:48 of 3rd period - Wrist shot by Mark Recchi.
19:48 of 3rd period - Goal by Mark Recchi - Red Wings : 6 - Canadiens : 4.
19:49 of 3rd period - Brian Sutherby wins face-off versus Robert Nilsson in neutral zone.
Output by the SimonT Hockey Simulator (STHS) for François Prévost -- Original Page W3C XHTML 1.0 Valid